 Dungeon Crawl Stone Soup version 0.29-a0-584-gb10a8bf730 (webtiles) character file.

Game seed: 8897155751041104888

23 Nedwor the Poker (level 3, 28/28 HPs)
             Began as a Merfolk Gladiator on June 15, 2022.
             Quit the game on level 1 of the Dungeon.
             The game lasted 00:01:15 (893 turns).

Nedwor the Poker (Merfolk Gladiator)                 Turns: 893, Time: 00:01:16

Health: 28/28      AC:  4    Str: 14    XL:     3   Next: 0%
Magic:  3/3        EV: 13    Int:  7    God:
Gold:   29         SH:  0    Dex: 17    Spells: 2/2 levels left

rFire   . . .      SeeInvis .   a - +0 trident
rCold   . . .      Faith    .   (no shield)
rNeg    . . .      Spirit   .   b - +0 leather armour
rPois   .          Reflect  .   c - +0 helmet
rElec   .          Harm     .   (no cloak)
rCorr   .          Rampage  .   (no gloves)
Will    .....                   (no boots)
Stlth   +.........              (no amulet)
HPRegen 0.09/turn               (no ring)
MPRegen 0.08/turn               (no ring)

@: no status effects
A: (nimble swimmer 2), mertail
a: no special abilities


You were on level 1 of the Dungeon.
You visited 1 branch of the dungeon, and saw 1 of its levels.

You collected 29 gold pieces.

Inventory:

Hand Weapons
 a - a +0 trident (weapon)
Missiles
 d - 3 throwing nets (quivered)
 e - a javelin
Armour
 b - a +0 leather armour (worn)
 c - a +0 helmet (worn)
Scrolls
 f - a scroll of enchant armour {unknown}
 g - a scroll of teleportation {unknown}
 h - a scroll of identify {unknown}
 i - a scroll of summoning {unknown}
 j - a scroll of blinking {unknown}


   Skills:
 + Level 2.5 Fighting
 * Level 4.6 Polearms
 - Level 2.0 Throwing
 + Level 0.5 Armour
 + Level 4.3 Dodging


You had 2 spell levels left.
You didn't know any spells.
Your spell library was empty.

Dungeon Overview and Level Annotations

Branches:
Dungeon (1/15)

Altars:

Shops:
D:1 =


Innate Abilities, Weirdness & Mutations

((You are very nimble when in or above water. (Stealth+, EV+, Speed+++)))
Your lower body shifts to a powerful aquatic tail in water.


Message History

Found a stone staircase leading down.
No target in view!
You open the door. You open the door.
A ball python comes into view.
There is an open door here.
A ball python is nearby!
The ball python hisses angrily.
A frilled lizard comes into view.
You reach to attack!
The frilled lizard hisses angrily.
You puncture the ball python!
You kill the ball python!
You reach to attack!
You barely miss the frilled lizard. You hit the frilled lizard.
You kill the frilled lizard!
No target in view!
No target in view!
You see here a frilled lizard corpse.
You see here a ball python corpse.
A bat comes into view.
The bat moves out of view.
A bat is nearby!
A bat is nearby!
There is an open door here.
The bat closely misses you.
You hit the bat.
The bat is heavily wounded.
The bat hits you but does no damage.
You barely miss the bat.
The bat is heavily wounded.
The bat closely misses you. The bat hits you but does no damage.
You reach to attack!
You hit the bat.
You kill the bat!
You have reached level 3!
Your experience leads to an increase in your attributes!
Increase (S)trength, (I)ntelligence, or (D)exterity?
You feel agile. x2
Are you sure you want to abandon this character and quit the game? (Confirm with "yes".)

####.†..##.# #.#.##.# #
##†#.##.# #.#.##.## #
#.#....# #.#.#...## #.######
#.#......# ##'## #.###...##
##...## #.####.## ##.....##
#......# #.>..†..## ##.###.#
.##
#.......@.####...##.#####
...+.........'..............
............####...##.#####
......#.###.###.##
##.........#
.....#...###...#
#......###.# ....###.#.#.#.#
#.#.##.# #.# ....#..(...#.#
#.#.##.# #.# ..###.#.###.#
#.#....# #.# #.#......#..##
#.#.>#.###.#


There were no monsters in sight!

Vanquished Creatures
  A dart slug (D:1)
  3 ball pythons (D:1)
  5 endoplasms (D:1)
  2 hobgoblins (D:1)
  2 bats (D:1)
  4 frilled lizards (D:1)
  3 kobolds (D:1)
  2 rats (D:1)
22 creatures vanquished.

Notes
Turn   | Place    | Note
-------+----------+-------------------------------------------
     0 | D:1      | Nedwor the Merfolk Gladiator began the quest for the Orb.
     0 | D:1      | Reached XP level 1. HP: 16/16 MP: 1/1
   353 | D:1      | Reached XP level 2. HP: 23/23 MP: 2/2
   414 | D:1      | Found Vybb's Jewellery Shop.
   893 | D:1      | Reached XP level 3. HP: 28/28 MP: 3/3
   893 | D:1      | Quit the game

Illustrated notes

Levels and vault maps discovered:
D:1:      amcnicky_arrival_single_pillar, layout_loops_corners, serial_shops,
          nicolae_lakefront_shop, minmay_indecisive_spiral

Action                   || total
-------------------------++-------
Melee: Trident           ||    50
 Stab: Sleeping          ||     1
Armor: Leather armour    ||     6
Dodge: Dodged            ||    15

Table legend: (Time is in decaauts)
 A = Elapsed time spent in this place.
 B = Non-inter-level travel time spent in this place.
 C = Inter-level travel time spent in this place.
 D = Time resting spent in this place.
 E = Time spent auto-exploring this place.
 F = Levels seen in this place.
 G = Mean time per level.
                   A        B        C        D        E       F      G
               +--------+--------+--------+--------+--------+-----+--------+
         Total |    893 |    893 |      0 |      0 |    777 |   1 |  893.0 |
       Dungeon |    893 |    893 |      0 |      0 |    777 |   1 |  893.0 |
               +--------+--------+--------+--------+--------+-----+--------+

Top non-repeatable levels by time:
     D:1: 893 daAuts
